 Dungeon Sprint DCSS version 0.28.0-47-ge53b351184 (webtiles) character file.

Game seed: 12342859575859406936

6057 boopmooplesden the Impaler (level 10, 0/108 HPs)
             Began as a Minotaur Berserker on Apr 27, 2022.
             Was the Champion of Trog.
             Succumbed to a cane toad's poison
             ... in the Dungeon (Sprint III: "The Ten Rune Challenge").
             The game lasted 00:06:02 (3081 turns).

boopmooplesden the Impaler (Minotaur Berserker)     Turns: 3081, Time: 00:06:03

Health: 0/108      AC: 12    Str: 22    XL:     10   Next: 57%
Magic:  9/9        EV: 13    Int:  4    God:    Trog [******]
Gold:   821        SH:  0    Dex: 14    Spells: 9/9 levels left

rFire   . . .      SeeInvis +   u - +5 bardiche (flame)
rCold   + . .      Faith    .   (shield currently unavailable)
rNeg    . . .      Spirit   .   t - +1 chain mail "Sagheps" {SInv}
rPois   .          Reflect  .   (helmet restricted)
rElec   .          Harm     .   (no cloak)
rCorr   .          Rampage  .   (no gloves)
Will    .....      NoTele   +   (no boots)
Stlth   ..........              (no amulet)
HPRegen 0.28/turn               (no ring)
MPRegen 0.11/turn               (no ring)

@: lethally poisoned (0 -> -22), on berserk cooldown, slowed, very slow
A: horns 2, retaliatory headbutt, cold resistance 1, subdued magic 1
a: Renounce Religion, Berserk, Trog's Hand, Brothers in Arms


You were in the Dungeon.
You worshipped Trog.
Trog was exalted by your worship.
You visited 1 branch You collected 1058 gold pieces.
You spent 237 gold pieces at shops.

Inventory:

Hand Weapons
 a - a +0 spear
 d - a +2 spear
 r - a +2 glaive
 s - a +5 spear of flaming
 u - a +5 bardiche of flaming (weapon)
Missiles
 i - 5 poisoned darts (quivered)
Armour
 b - a +0 animal skin
 j - a +2 robe of willpower
 p - a +0 tower shield
 t - the +1 chain mail "Sagheps" (worn) {SInv}
   (You bought it in a shop in the Dungeon)

   SInv:      It lets you see invisible.
Scrolls
 h - a scroll of blinking
 k - a scroll of torment {unknown}
 l - 2 scrolls of identify
 n - a scroll of immolation {unknown}
 o - a scroll of holy word {unknown}
Potions
 c - a potion of curing
 e - a potion of haste
 f - 2 potions of magic
 g - 2 potions of berserk rage
 m - 4 potions of flight
 q - a potion of might


   Skills:
 + Level 16.3 Fighting
 + Level 16.5 Polearms
 + Level 9.7 Armour
 + Level 12.1 Dodging
 + Level 6.3 Stealth
 + Level 9.4 Shields


You had 9 spell levels left.
You didn't know any spells.
Your spell library was empty.

Dungeon Overview and Level Annotations

Branches:
Dungeon (1/1)

Altars:
Cheibriados
Dithmenos
Elyvilon
Fedhas
Gozag
Hepliaklqana
Kikubaaqudgha
Makhleb
Nemelex Xobeh
Okawaru
Qazlal
Ru
Sif Muna
Trog
Uskayaw
Vehumet
Wu Jian
Xom
Yredelemnul
Zin
The Shining One
Beogh
Jiyva
Lugonu

Shops:
D [


Innate Abilities, Weirdness & Mutations

You have a pair of horns on your head.
You reflexively headbutt those who attack you in melee.
Your flesh is cold resistant. (rC+)
Your spells are a little easier to cast, but a little less powerful.


Message History

Your unstable footing causes you to fumble your attack.
You feel very sick. The cane toad stings you!
You are more poisoned.
The cane toad poisons you!
Your unstable footing causes you to fumble your attack.
You feel extremely sick. The cane toad completely misses you.
Your unstable footing causes you to fumble your attack.
You feel very sick. The cane toad stings you.
Your unstable footing causes you to fumble your attack.
You feel very sick. The cane toad misses you.
Your unstable footing causes you to fumble your attack.
You feel very sick. The cane toad closely misses you.
Your unstable footing causes you to fumble your attack.
You feel very sick.
You closely miss the cane toad.
You feel very sick. The cane toad misses you. You furiously retaliate!
You headbutt the cane toad!
Your unstable footing causes you to fumble your attack.
You feel very sick. The cane toad stings you!
* * * LOW HITPOINT WARNING * * *
You are more poisoned.
The cane toad poisons you!
You slash the cane toad! You burn the cane toad.
Your headbutt misses the cane toad.
The cane toad is almost dead.
You are no longer berserk.
You are exhausted.
You feel yourself slow down.
* * * LOW HITPOINT WARNING * * *
You feel very sick. The cane toad stings you!!
* * * LOW HITPOINT WARNING * * *
Your unstable footing causes you to fumble your attack.
You die...

≈≈≈...♣.'.⌠........#))....#.##
≈≈≈≈≈...#...######'#)#..###.#
≈≈≈≈....#.⌠.#__#...#)############
≈≈≈.....#...#__#...#.§§§§'.#.'...
≈.......#'###v_#...#.#§§≈#.#.#.).
........#.).#__#...'.#§§.#.#.#.).
........#___#__+...#.#§.§#...#)..
▓▓▓▓▓▓▓▓▓▓▓▓▓▓▓▓▓▓▓▓▓▓▓▓▓▓▓▓▓▓▓▓▓
♣@≈≈....)...≈≈≈...
♣F♣≈≈≈≈≈≈≈≈≈≈≈≈♣♣P.
.l♣♣♣♣♣♣♣♣♣♣♣♣♣♣♣♣PP #.. ♣♣♣ ##


You could see a komodo dragon and a cane toad.

Vanquished Creatures
  Josephine (D)
  A centaur warrior (D)
  A deep elf pyromancer (D)
  An orc sorcerer (D)
  An unseen horror (D)
  A cane toad (D)
  3 wandering mushrooms (D)
  A shadow (D)
  2 orc warriors (D)
  A necrophage (D)
  2 centaurs (D)
  An earth elemental (D)
  A water elemental (D)
  24 killer bees (D)
  A jelly (D)
  2 orc priests (D)
  A wizard (D)
  Jessica (D)
  A necromancer (D)
  2 orc wizards (D)
  3 humans (D)
  A kobold demonologist (D)
  A wolf (D)
  11 orcs (D)
  2 rats (D)
67 creatures vanquished.

Vanquished Creatures (collateral kills)
  A queen bee (D)
  8 killer bees (D)
9 creatures vanquished.

Grand Total: 76 creatures vanquished

Notes
Turn   | Place    | Note
-------+----------+-------------------------------------------
     0 | D        | boopmooplesden the Minotaur Berserker began the quest for
                  | the Orb.
     0 | D        | Reached XP level 1. HP: 19/19 MP: 0/0
    15 | D        | Noticed Jessica
    18 | D        | Killed Jessica
    18 | D        | Reached ** piety under Trog
    19 | D        | Reached skill level 5 in Fighting
    19 | D        | Reached skill level 5 in Polearms
    19 | D        | Reached XP level 2. HP: 29/29 MP: 1/1
   168 | D        | Reached XP level 3. HP: 37/37 MP: 2/2
   240 | D        | Gained mutation: You are clumsy. (Dex -2) [potion of
                  | mutation]
   240 | D        | Gained mutation: You are dopey. (Int -2) [potion of
                  | mutation]
   240 | D        | Gained mutation: You have supernaturally acute eyesight.
                  | (SInv) [potion of mutation]
   241 | D        | Lost mutation: You have supernaturally acute eyesight.
                  | (SInv) [potion of mutation]
   241 | D        | Lost mutation: You are clumsy. (Dex -2) [potion of
                  | mutation]
   241 | D        | Lost mutation: You are dopey. (Int -2) [potion of mutation]
   241 | D        | Gained mutation: You have a pair of large horns on your
                  | head. [potion of mutation]
   241 | D        | Gained mutation: Your spells are a little harder to cast,
                  | but a little more powerful. [potion of mutation]
   242 | D        | Lost mutation: You have a pair of large horns on your head.
                  | [potion of mutation]
   242 | D        | Lost mutation: Your spells are a little harder to cast, but
                  | a little more powerful. [potion of mutation]
   242 | D        | Gained mutation: You tend to lose your temper in combat.
                  | [potion of mutation]
   243 | D        | Lost mutation: You tend to lose your temper in combat.
                  | [potion of mutation]
   243 | D        | Gained mutation: You are partially covered in iridescent
                  | scales. (AC +2) [potion of mutation]
   244 | D        | Lost mutation: You are partially covered in iridescent
                  | scales. (AC +2) [potion of mutation]
   244 | D        | Gained mutation: Your spells are a little easier to cast,
                  | but a little less powerful. [potion of mutation]
   244 | D        | Gained mutation: Your flesh is cold resistant. (rC+)
                  | [potion of mutation]
   254 | D        | Noticed a water elemental
   257 | D        | Killed a water elemental
   258 | D        | Reached skill level 1 in Stealth
   258 | D        | Reached XP level 4. HP: 48/48 MP: 3/3
   387 | D        | Found a basalt altar of Yredelemnul.
   387 | D        | Found a shadowy altar of Dithmenos.
   387 | D        | Found a sacrificial altar of Ru.
   387 | D        | Noticed a necrophage
   391 | D        | Reached *** piety under Trog
   392 | D        | Reached XP level 5. HP: 53/53 MP: 4/4
   397 | D        | Killed a necrophage
   398 | D        | Reached skill level 5 in Dodging
   432 | D        | Found a radiant altar of Vehumet.
   434 | D        | Found a shimmering blue altar of Sif Muna.
   434 | D        | Found an ancient bone altar of Kikubaaqudgha.
   438 | D        | Reached skill level 5 in Armour
   439 | D        | Noticed a rust devil
   439 | D        | Reached **** piety under Trog
   440 | D        | Reached XP level 6. HP: 64/64 MP: 5/5
   582 | D        | Found a glowing silver altar of Zin.
   584 | D        | Found a glowing golden altar of the Shining One.
   584 | D        | Found a white marble altar of Elyvilon.
   584 | D        | Noticed a deep elf pyromancer
   602 | D        | Killed a deep elf pyromancer
   603 | D        | Reached XP level 7. HP: 41/75 MP: 6/6
   745 | D        | Found a hide-covered altar of Uskayaw.
   745 | D        | Found an iron altar of Okawaru.
   745 | D        | Found a bloodstained altar of Trog.
   745 | D        | Found an ornate altar of the Wu Jian Council.
   745 | D        | Noticed a human
   746 | D        | Noticed a human
   748 | D        | Killed a human
   753 | D        | Killed a human
   789 | D        | Noticed a shadow
   800 | D        | Reached ***** piety under Trog
   801 | D        | Killed a shadow
   802 | D        | Reached XP level 8. HP: 31/85 MP: 7/7
  1028 | D        | Found a blossoming altar of Fedhas.
  1028 | D        | Found a stormy altar of Qazlal.
  1028 | D        | Found a snail-covered altar of Cheibriados.
  1028 | D        | Found a burning altar of Makhleb.
  1028 | D        | Found a shimmering altar of Xom.
  1029 | D        | Found a hazy altar of Hepliaklqana.
  1029 | D        | Found an opulent altar of Gozag.
  1029 | D        | Found a sparkling altar of Nemelex Xobeh.
  1029 | D        | Found a corrupted altar of Lugonu.
  1029 | D        | Found a viscous altar of Jiyva.
  1401 | D        | Noticed Josephine
  1412 | D        | Killed Josephine
  1413 | D        | Reached skill level 1 in Shields
  1470 | D        | Received a gift from Trog
  1618 | D        | Noticed a centaur warrior
  1632 | D        | Killed a centaur warrior
  1633 | D        | Reached skill level 15 in Polearms
  1633 | D        | Reached skill level 5 in Stealth
  1633 | D        | Reached XP level 9. HP: 52/96 MP: 8/8
  2395 | D        | Found Ytixeodd's Antique Armour Boutique.
  2396 | D        | Noticed an orc sorcerer
  2406 | D        | Killed an orc sorcerer
  2407 | D        | Reached skill level 15 in Fighting
  2407 | D        | Reached skill level 10 in Dodging
  2410 | D        | Received a gift from Trog
  2431 | D        | Reached skill level 5 in Shields
  2441 | D        | Reached ****** piety under Trog
  2444 | D        | Received a gift from Trog
  2710 | D        | Bought a jewelled chain mail for 237 gold pieces
  2710 | D        | Identified the +1 chain mail "Sagheps" {SInv} (You bought
                  | it in a shop in the Dungeon)
  2748 | D        | Noticed an unseen horror
  2765 | D        | Killed an unseen horror
  2844 | D        | Noticed a queen bee
  2851 | D        | Reached XP level 10. HP: 106/106 MP: 9/9
  2858 | D        | Received a gift from Trog
  2871 | D        | Received a gift from Trog
  2888 | D        | Received a gift from Trog
  3055 | D        | Received a gift from Trog
  3065 | D        | Noticed a cane toad
  3065 | D        | Noticed a cane toad
  3071 | D        | Killed a cane toad
  3081 | D        | Succumbed to a cane toad's poison

Illustrated notes

Levels and vault maps discovered:
D:        dungeon_sprint_mu [sprint_mu_entry_forest, sprint_mu_temple_rooms,
          sprint_mu_d1_horrors, sprint_mu_d2_genie, sprint_mu_d3_branching,
          sprint_mu_orc_legion, sprint_mu_elf_gauntlet, sprint_mu_hive_nellie,
          sprint_mu_lair_fedhas, sprint_mu_vaults_butterflies,
          sprint_mu_slime_circle, sprint_mu_shoals_kraken,
          sprint_mu_snake_twists, sprint_mu_blade_basic,
          sprint_mu_crypt_fortress, sprint_mu_tomb_spiral,
          sprint_mu_vestibule_basic, sprint_mu_gehenna_hellfire,
          sprint_mu_dis_giant, sprint_mu_tartarus_statrot,
          sprint_mu_cocytus_islands, sprint_mu_zot1]

Skill      XL: |  1  2  3  4  5  6  7  8  9 10 |
---------------+-------------------------------+-----
Fighting       | 5 6 7 8 9 11 12 14 15 16 | 16.3
Polearms       | 5 6 7 8 9 12 13 15 16 | 16.5
Armour         | 3 4 5 6 7 9 |  9.7
Dodging        | 3 4 5 6 7 9 11 12 | 12.1
Stealth        | 1 2 3 5 6 |  6.3
Shields        | 3 6 9 |  9.4

Action                   |  1- 3 |  4- 6 |  7- 9 | 10-12 || total
-------------------------+-------+-------+-------+-------++-------
Melee: Spear             |    16 |    24 |   130 |    40 ||   210
       Headbutt          |     4 |     7 |    30 |    12 ||    53
       Punch             |       |       |     1 |       ||     1
       Bardiche          |       |       |       |    21 ||    21
Invok: Berserk           |     3 |     3 |     7 |     1 ||    14
       Trog's Hand       |       |       |     1 |     1 ||     2
       Brothers in Arms  |       |       |       |     1 ||     1
  Use: Potion            |     5 |       |     2 |     1 ||     8
 Stab: Sleeping          |     1 |       |     1 |       ||     2
Armor: Robe              |       |       |    14 |       ||    14
       Chain mail        |       |       |     4 |     9 ||    13
Dodge: Dodged            |     9 |     6 |    30 |    18 ||    63
Block: Tower shield      |       |       |    70 |    29 ||    99
